 Dungeon Crawl Stone Soup version 0.26-a0-1040-gbe3abf3417 (webtiles) character file.

Game seed: 1030204064845805230

172 Dracia the Changer (level 5, 0/37 HPs)
             Began as a Merfolk Transmuter on Dec 11, 2020.
             Slain by a phantom (5 damage)
             ... on level 4 of the Dungeon.
             The game lasted 00:05:59 (3627 turns).

Dracia the Changer (Merfolk Transmuter)             Turns: 3627, Time: 00:06:00

Health: 0/37       AC:  4    Str: 11    XL:     5   Next: 53%
Magic:  8/8        EV: 13    Int: 13    God:
Gold:   121        SH:  0    Dex: 14    Spells: 2/8 levels left

rFire    . . .     SeeInvis .     - Unarmed
rCold    . . .     Faith    .   (no shield)
rNeg     . . .     Spirit   .   a - +0 robe
rPois    .         Reflect  .   (no helmet)
rElec    .         Harm     .   i - +1 cloak
rCorr    .         Rampage  .   (no gloves)
Will     .....                  (no boots)
Stlth    +.........             (no amulet)
HPRegen  0.12/turn              (no ring)
MPRegen  0.11/turn              (no ring)

@: brilliant, attractive, hasted, very quick
A: change form in water, swift swim, stealthy swim
a: no special abilities


You were on level 4 of the Dungeon.
You visited 1 branch of the dungeon, and saw 4 of its levels.

You collected 121 gold pieces.


   Skills:
 - Level 1.1 Fighting
 - Level 2.6 Dodging
 + Level 5.2 Unarmed Combat
 - Level 2.0 Spellcasting
 + Level 5.5 Transmutations
 * Level 0.1 Poison Magic


You had 2 spell levels left.
You knew the following spells:

 Your Spells              Type           Power        Failure   Level
e - Beastly Appendage     Tmut           ###...       2%          1
s - Spider Form           Tmut/Pois      ##........   24%         3
X - Wereblood             Tmut           ###.....     4%          2

Your spell library contained the following spells:

 Spells                   Type           Power        Failure   Level
 Confusing Touch          Hex            #.......     58%         3
 Gell's Gravitas          Tloc           #.........   58%         3
 Blade Hands              Tmut           ###.......   58%         5
 Ice Form                 Ice/Tmut       ##......     63%         4
 Petrify                  Tmut/Erth      ##......     63%         4
 Yara's Violent Unravell  Hex/Tmut       ##........   92%         5
 Metabolic Englaciation   Hex/Ice        #.........   100%        5

Inventory:

Missiles
 d - 6 atropa-tipped darts
 f - 5 poisoned darts
Armour
 a - a +0 robe (worn)
 i - a +1 cloak (worn)
Jewellery
 T - an uncursed amulet of faith {!P!P}
Scrolls
 b - a scroll of amnesia {unknown}
 c - 3 scrolls of remove curse {@r2@r2}
 e - a scroll of magic mapping {unknown}
 h - 2 scrolls of fog {unknown}
 k - a scroll of identify {unknown}

Dungeon Overview and Level Annotations

Branches:
Dungeon (4/15)
 Temple: D:4-7

Altars:
Makhleb
Qazlal
Sif Muna
Yredelemnul
The Shining One

Annotations:
D:3 1 runed translucent door, Crazy Yiuf

...)........#
........<####
###.###### ###
.......# ..#
.......# .$.#
.......# ###..ยง
.......# #...
################W#
................@#
#.##############.#
#.# #.# #.# ###
#.# #.# #.# #.#
#.#


You could see a phantom.


Message History

You hit the phantom but do no damage.
The phantom is severely damaged.
The phantom misses you.
You barely miss the phantom.
The phantom is severely damaged.
The phantom blinks!
The phantom is pulled toward you! The phantom is pulled toward you!
You hit the phantom but do no damage.
The phantom is severely damaged.
Your horns disappear.
The phantom hits you but does no damage.
You hit the phantom but do no damage.
The phantom is severely damaged.
You closely miss the phantom.
The phantom is severely damaged.
The phantom hits you!
* * * LOW HITPOINT WARNING * * *
You punch the phantom!
The phantom is severely damaged.
You barely miss the phantom.
The phantom is severely damaged.
The phantom blinks!
The phantom blinks!
The phantom is pulled toward you!
You hit the phantom.
The phantom is almost destroyed.
You hit the phantom.
The phantom is almost destroyed.
The phantom hits you.
You die...

Skill      XL: |  1  2  3  4  5 |
---------------+----------------+-----
Transmutations | 3 4 5 |  5.5
Unarmed Combat | 4 5 |  5.2
Fighting       | |  1.1
Dodging        | |  2.6
Spellcasting   | |  2.0
Poison Magic   | |  0.1

Action                   |  1- 3 |  4- 6 || total
-------------------------+-------+-------++-------
Melee: Unarmed           |   116 |   229 ||   345
       Headbutt          |     1 |     6 ||     7
       Punch             |     2 |     2 ||     4
 Cast: Beastly Appendage |     2 |     5 ||     7
       Wereblood         |       |     3 ||     3
  Use: Potion            |       |     9 ||     9
       Scroll            |       |     4 ||     4
 Stab: Sleeping          |     3 |     1 ||     4
Armor: Robe              |    38 |    81 ||   119
Dodge: Dodged            |    87 |   203 ||   290

Levels and vault maps discovered:
D:1:      dpeg_arrival_houses_and_road, layout_basic
D:2:      layout_loops_cross, nicolae_qazlal_style_of_elements
D:3:      minmay_roachtagon, layout_rooms, grunt_temple_overflow_holy_war,
          overflow_temple_1_default, makhleb_grotto_becter, due_unseen_surprise,
          uniq_crazy_yiuf_cottage
D:4:      layout_basic, general_overflow_altar, kennysheep_vampire_church

Notes
Turn   | Place    | Note
-------+----------+-------------------------------------------
     0 | D:1      | Dracia the Merfolk Transmuter began the quest for the Orb.
     0 | D:1      | Reached XP level 1. HP: 15/15 MP: 3/3
    25 | D:1      | Reached skill level 3 in Transmutations
    29 | D:1      | Reached XP level 2. HP: 15/21 MP: 5/5
   856 | D:1      | Reached XP level 3. HP: 26/26 MP: 6/6
   995 | D:1      | Reached skill level 4 in Unarmed Combat
  1022 | D:1      | Learned a level 2 spell: Wereblood
  1026 | D:1      | Learned a level 3 spell: Spider Form
  1054 | D:2      | Found a stormy altar of Qazlal.
  1076 | D:2      | Noticed an earth elemental
  1099 | D:2      | Noticed a fire elemental
  1149 | D:2      | Noticed a water elemental
  1165 | D:2      | Noticed an air elemental
  1267 | D:2      | Reached skill level 4 in Transmutations
  1609 | D:2      | Reached XP level 4. HP: 25/32 MP: 7/7
  2250 | D:2      | Identified a potion of resistance
  2331 | D:3      | Found a shimmering blue altar of Sif Muna.
  2424 | D:3      | Found a runed translucent door.
  2425 | D:3      | Noticed Crazy Yiuf
  2477 | D:3      | Found a burning altar of Makhleb.
  2492 | D:3      | Reached skill level 5 in Transmutations
  2492 | D:3      | Reached XP level 5. HP: 16/37 MP: 8/8
  2745 | D:3      | Reached skill level 5 in Unarmed Combat
  3156 | D:3      | Found a glowing golden altar of the Shining One.
  3161 | D:3      | Found a basalt altar of Yredelemnul.
  3163 | D:3      | Noticed a profane servitor
  3584 | D:4      | Noticed a phantom
  3627 | D:4      | Slain by a phantom

Vanquished Creatures
  3 gnolls (D:2)
  3 adders
  A shadow imp (D:3)
  2 oozes
  3 worms
  8 orcs (D:3)
  4 ball pythons
  13 giant cockroaches
  14 goblins
  5 hobgoblins
  4 jackals (D:1)
  A quokka (D:3)
  6 bats
  4 frilled lizards
  A kobold (D:1)
  8 rats
80 creatures vanquished.

Table legend: (Time is in decaauts)
 A = Elapsed time spent in this place.
 B = Non-inter-level travel time spent in this place.
 C = Inter-level travel time spent in this place.
 D = Time resting spent in this place.
 E = Time spent auto-exploring this place.
 F = Levels seen in this place.
 G = Mean time per level.
                   A        B        C        D        E       F      G
               +--------+--------+--------+--------+--------+-----+--------+
         Total |   3571 |   3487 |     84 |    771 |   2120 |   4 |  892.8 |
       Dungeon |   3571 |   3487 |     84 |    771 |   2120 |   4 |  892.8 |
               +--------+--------+--------+--------+--------+-----+--------+

Top non-repeatable levels by time:
     D:3: 1244 daAuts
     D:2: 1212 daAuts
     D:1: 1048 daAuts
     D:4: 65 daAuts

Table legend:
 A = Non-vault XP
 B = Vault XP
 C = Vault XP percentage of total XP
 D = Non-vault monster count
 E = Vault monster count
 F = Vault count percentage of total count
                 A         B        C        D         E       F
            +---------+---------+-------+---------+---------+-------
      Total |     214 |      33 |  13.4 |      68 |      12 |  15.0
            +---------+---------+-------+---------+---------+-------
        D:1 |      39 |       0 |   0.0 |      23 |       0 |   0.0
        D:2 |     104 |       0 |   0.0 |      20 |       0 |   0.0
        D:3 |      71 |      33 |  31.7 |      25 |      12 |  32.4
            +---------+---------+-------+---------+---------+-------
